 Dungeon Crawl Stone Soup version 0.24.0-123-gd5b16e6ec5 (webtiles) character file.

Game seed: 17830404308704170646, levelgen mode: deterministic

59 Martska the Chiller (level 4, -3/32 HPs)
             Began as a Merfolk Ice Elementalist on Feb 5, 2020.
             Was an Initiate of Okawaru.
             Slain by a centaur
             ... wielding a +0 short sword
              (7 damage)
             ... on level 3 of the Dungeon.
             The game lasted 00:06:45 (2126 turns).

Martska the Chiller (Merfolk Ice Elementalist)      Turns: 2126, Time: 00:06:46

Health: -3/32      AC:  5    Str:  8    XL:     4   Next: 3%
Magic:  11/16      EV: 13    Int: 14    God:    Okawaru [......]
Gold:   135        SH:  0    Dex: 15    Spells: 6/7 levels left

rFire    + . .     SeeInvis .   i - +0 spear
rCold    . . .     Gourm    .   (no shield)
rNeg     . . .     Faith    +   l - +0 leather armour
rPois    .         Spirit   .   w - +0 helmet
rElec    .         Reflect  .   (no cloak)
rCorr    .         Harm     .   q - +0 pair of gloves
MR       .....                  (no boots)
Stlth    ++........             d - amulet of faith
HPRegen  0.10/turn              b - ring of protection from fire
MPRegen  0.15/turn              v - ring of magical power

@: very slightly contaminated
A: change form in water, swift swim, stealthy swim
a: Renounce Religion


You were on level 3 of the Dungeon.
You worshipped Okawaru.
Okawaru was noncommittal.
You were not hungry.

You visited 1 branch of the dungeon, and saw 3 of its levels.

You collected 135 gold pieces.

Inventory:

Hand Weapons
 f - a +0 short sword
 i - a +0 spear (weapon)
Armour
 a - a +0 robe
 l - a +0 leather armour (worn)
 q - a +0 pair of gloves (worn)
 w - a +0 helmet (worn)
Jewellery
 b - a ring of protection from fire (left hand)
 d - an amulet of faith (around neck)
 v - a ring of magical power (right hand)
Scrolls
 h - 6 scrolls of identify {unknown}
 j - 2 scrolls of enchant armour {unknown}
 k - a scroll of teleportation {unknown}
 n - 3 scrolls of fog {unknown}
 o - 3 scrolls of magic mapping {unknown}
 p - a scroll of amnesia {unknown}
 r - a scroll of immolation {unknown}
 u - 2 scrolls of remove curse {unknown}
 x - a scroll of random uselessness {unknown}
Potions
 e - a potion of invisibility {unknown}
 g - 2 potions of mutation {unknown}
 m - 4 potions of curing {unknown}
 s - a potion of brilliance {unknown}
 t - a potion of heal wounds {unknown}
 z - 2 potions of lignification {unknown}
Comestibles
 c - 5 rations


   Skills:
 + Level 1.3 Fighting
 + Level 2.0 Polearms
 + Level 3.4 Dodging
 - Level 2.1 Stealth
 + Level 2.4 Spellcasting
   Level 0.7 Conjurations
 + Level 3.7 Ice Magic


You had 6 spell levels left.
You knew the following spells:

 Your Spells              Type           Power        Failure   Level  Hunger
a - Freeze                Ice            ##..         7%          1    #......

Your spell library contained the following spells:

 Spells                   Type           Power        Failure   Level  Hunger
 Throw Frost              Conj/Ice       #.....       21%         2    ###....
 Ozocubu's Armour         Chrm/Ice       #.......     41%         3    ###....
 Throw Icicle             Conj/Ice       #.......     78%         4    #####..
 Summon Ice Beast         Ice/Summ       #.......     83%         4    #####..


Dungeon Overview and Level Annotations

Branches:
Dungeon (3/15)

Altars:
Okawaru

Annotations:
D:2 Sigmund


Message History

Confirm with . or Enter, or press ? or * to list all spells.
Aiming: Freeze (safe; 7% risk of failure)
Press: ? - help, Shift-Dir - straight line, f/p - centaur
Aim: a centaur, wielding a +0 short sword (almost dead)
You freeze the centaur.
The centaur is almost dead.
The bat barely misses you. The centaur barely misses you.
The centaur hits you with a +0 short sword!
* * * LOW HITPOINT WARNING * * *
Casting: Freeze (safe; 7% risk of failure)
Confirm with . or Enter, or press ? or * to list all spells.
Aiming: Freeze (safe; 7% risk of failure)
Press: ? - help, Shift-Dir - straight line, f/p - centaur
Aim: a centaur, wielding a +0 short sword (almost dead)
You miscast Freeze.
You are very lightly contaminated with residual magic.
Nothing appears to happen.
The bat hits you but does no damage. The bat barely misses you.
The centaur hits you with a +0 short sword!
You die...

# #.# #
#...###########.#
#........(..(...#.#
####<...........#
#.....†..(.........
##########@...#....
......bc........
#####..##..#.##.
#.. ..#... #.# ..#
##. .. ... ##. ##
..


You could see a centaur and a bat.

Vanquished Creatures
  An adder (D:2)
  An ooze (D:2)
  2 dart slugs
  5 goblins
  3 hobgoblins
  5 jackals (D:3)
  5 kobolds (D:1)
  A quokka (D:2)
  4 bats
  2 frilled lizards (D:2)
  14 rats
43 creatures vanquished.

Notes
Turn   | Place    | Note
-------+----------+-------------------------------------------
     0 | D:1      | Martska the Merfolk Ice Elementalist began the quest for
                  | the Orb.
     0 | D:1      | Reached XP level 1. HP: 13/13 MP: 3/3
    49 | D:1      | Found an iron altar of Okawaru.
    70 | D:1      | Became a worshipper of Warmaster Okawaru
   352 | D:1      | Reached XP level 2. HP: 19/19 MP: 5/5
   737 | D:1      | Reached skill level 1 in Polearms
  1293 | D:2      | Reached XP level 3. HP: 20/25 MP: 2/6
  1379 | D:2      | Reached skill level 1 in Fighting
  1558 | D:2      | Noticed Sigmund
  1984 | D:3      | Reached XP level 4. HP: 19/32 MP: 3/7
  2115 | D:3      | Noticed a centaur
  2126 | D:3      | Slain by a centaur

Levels and vault maps discovered:
D:1:      matt_arrival_diagonals, layout_loops_ring, minmay_door_square,
          chequers_arboretum, okawaru_ov_weapons_minmay
D:2:      minmay_spotlight, layout_rooms, uniq_sigmund
D:3:      layout_basic, grunt_ministairs_3, corexii_leaking_fountain

Skill      XL: |  1  2  3 |
---------------+----------+-----
Dodging        | 3 |  3.4
Polearms       | 1 2 |  2.0
Fighting       | 1 |  1.3
Stealth        | |  2.1
Spellcasting   | |  2.4
Conjurations   | |  0.7
Ice Magic      | |  3.7

Action                   |  1- 3 |  4- 6 || total
-------------------------+-------+-------++-------
Melee: Spear             |   100 |       ||   100
       Short sword       |     4 |       ||     4
 Cast: Freeze            |    38 |     7 ||    45
 Stab: Sleeping          |     2 |       ||     2
  Eat: Chunk             |     2 |       ||     2
       Ration            |     1 |       ||     1
Armor: Robe              |     9 |       ||     9
       Leather armour    |    25 |     5 ||    30
Dodge: Dodged            |   106 |    11 ||   117
